 Dungeon Crawl Stone Soup version 0.31.0-11-ge490571c62 (webtiles) character file.

Game seed: 15331991283778254368

729 stipulation the Grave Robber (level 7, -5/32 HPs)
             Began as a Vine Stalker Necromancer on Jan 28, 2024.
             Slain by a water moccasin (7 damage)
             ... on level 5 of the Dungeon.
             The game lasted 00:06:44 (5066 turns).

stipulation the Grave Robber (VSNe)                 Turns: 5066, Time: 00:06:45

Health: -5/32      AC:  4    Str: 10    XL:     7   Next: 73%
Magic:  0/17       EV:  2    Int: 17    God:
Gold:   171        SH:  0    Dex: -8 (21) Spells: 10/18 levels left

rFire   . . .        n - +0 short sword
rCold   . . .        (no shield)
rNeg    . . .        a - +0 robe
rPois   .            (no helmet)
rElec   .            r - +0 cloak
rCorr   .            x - +0 pair of gloves
SInv    +            (no boots)
Will    .....        (no amulet) Stlth
                     p - ring of see invisible
HPRegen 1.05/turn    f - +6 ring of dexterity
MPRegen 0.15/turn

%: guardian spirit
@: mighty, lethally poisoned (-5 -> -32), slowed, lost dexterity, studying
Unarmed Combat, very slow
A: fangs 2, regeneration 1, magic shield, antimagic bite, no potion heal 2
a: no special abilities


You were on level 5 of the Dungeon.
You visited 1 branch of the dungeon, and saw 5 of its levels.

You collected 238 gold pieces.
You spent 67 gold pieces at shops.

Inventory:

Hand Weapons
 n - a +0 short sword (weapon)
Armour
 a - a +0 robe (worn)
 r - a +0 cloak (worn)
 x - a +0 pair of gloves (worn)
Jewellery
 f - a +6 ring of dexterity (right hand)
 p - a ring of see invisible (left hand)
Wands
 o - a wand of mindburst (13)
 t - a wand of charming (10)
 y - a wand of acid (8)
Scrolls
 c - a scroll of revelation
 d - a scroll of summoning
 e - 4 scrolls of amnesia
 h - 2 scrolls of teleportation
 m - 2 scrolls of torment
 v - a scroll of fear {unknown}
 z - a scroll of noise {unknown}
Potions
 b - a potion of magic
 g - 2 potions of might
 i - 2 potions of mutation {unknown}
 j - a potion of ambrosia {unknown}
 k - a potion of berserk rage {unknown}
 l - a potion of heal wounds {unknown}
 q - 3 potions of curing {unknown}
 s - a potion of attraction {unknown}
 u - a potion of enlightenment {unknown}
 w - a potion of lignification {unknown}


   Skills:
 - Level 1.5 Dodging
 - Level 2.4 Stealth
 + Level 6.2 Spellcasting
 + Level 7.1 Necromancy


You had 10 spell levels left.
You knew the following spells:

 Your Spells              Type           Power      Damage    Failure   Level
a - Necrotise             Necr           100%       1d9       1%          1
b - Vampiric Draining     Necr           29%        2d8       1%          3
c - Animate Dead          Necr           29%        N/A       7%          4

Your spell library contained the following spells:

 Spells                   Type           Power      Damage    Failure   Level
 Freeze                   Ice            20%        1d4       13%         1
 Scorch                   Fire           10%        2d5       19%         2
 Curse of Agony           Necr           29%        N/A       19%         5
 Frozen Ramparts          Ice            10%        1d2       36%         3
 Hailstorm                Conj/Ice       5%         3d5       36%         3
 Flame Wave               Conj/Fire      5%         2d5       77%         4
 Summon Cactus Giant      Summ           2%         N/A       100%        6


Dungeon Overview and Level Annotations

Branches:
Dungeon (5/15)
 Temple: D:4-7

Altars:
Gozag

Shops:
D:5 [


Innate Abilities, Weirdness & Mutations

You have extremely sharp teeth.
Your natural rate of healing is unusually fast.
When hurt, damage is shared between your health and your magic reserves.
Your bite disrupts and absorbs the magic of your enemies.
Potions cannot restore your health.


Message History

g - 3 bubbling amethyst potions (gained 1)
m - 2 scrolls of torment (gained 1)
There is an escape hatch in the ceiling here.
A water moccasin comes into view.
The water moccasin hisses angrily.
A water moccasin is nearby!
A water moccasin is nearby!
The water moccasin writhes in agony.
The water moccasin bites you.
You are poisoned.
The water moccasin poisons you!
The water moccasin bites you but does no damage.
The water moccasin barely resists.
You feel very sick.
The water moccasin bites you but does no damage.
The water moccasin bites you.
You are more poisoned.
The water moccasin poisons you!
You are too injured to fight recklessly!
Casting: Necrotise (safe; 1% risk of failure)
Confirm with . or Enter, or press ? or * to list all spells.
Aiming: Vampiric Draining (safe; 1% risk of failure)
Press: ? - help, Shift-Dir - straight line, f/p - water moccasin
Aim: a water moccasin (lightly wounded)
You draw life force from the water moccasin!
You feel life coursing into your body.
You feel extremely sick. The water moccasin bites you.
You are lethally poisoned!
The water moccasin poisons you! The water moccasin bites you!
It was a potion of might.
You feel very mighty all of a sudden.
* * * LOW HITPOINT WARNING * * *
You feel extremely sick. The water moccasin bites you.
* * * LOW HITPOINT WARNING * * *
The water moccasin bites you.
* * * LOW HITPOINT WARNING * * *
You are more poisoned.
The water moccasin poisons you! The water moccasin bites you!
You die...

#......# #..
#......# #..
#########......#
#..
#..<...........#
#..
###.############
#.. #.# #.. #.#
#.. #.##########
#.. #...@.......
#.. #####S......
### .......
....... .......
....... .......
#.#####


You could see a water moccasin.

Vanquished Creatures
  An ogre (D:5)
  A phantom (D:4)
  2 bombardier beetles (D:3)
  2 jellies
  2 quasits (D:5)
  2 hounds
  An orc priest (D:4)
  An iguana (D:5)
  2 orc wizards
  5 adders
  2 gnolls (D:3)
  3 shadow imps (D:5)
  A white imp (D:5)
  An ufetubus (D:4)
  5 dart slugs
  2 ribbon worms
  13 orcs
  7 ball pythons
  5 bats
  3 endoplasms
  2 giant cockroaches (D:2)
  4 goblins
  4 hobgoblins
  7 jackals
  4 quokkas
  A frilled lizard (D:3)
  7 kobolds
  2 rats
92 creatures vanquished.

Vanquished Creatures (collateral kills)
  An orc (D:5)
  A ball python (D:2)
  An endoplasm (D:2)
  A hobgoblin (D:1)
  A jackal (D:2)
5 creatures vanquished.

Grand Total: 97 creatures vanquished

Notes
Turn   | Place    | Note
-------+----------+-------------------------------------------
     0 | D:1      | stipulation the Vine Stalker Necromancer began the quest
                  | for the Orb.
     0 | D:1      | Reached XP level 1. HP: 9/9 MP: 4/4
   389 | D:1      | Reached XP level 2. HP: 13/13 MP: 2/6
   751 | D:1      | Reached XP level 3. HP: 14/16 MP: 1/8
  1175 | D:2      | Reached XP level 4. HP: 21/21 MP: 5/10
  1463 | D:2      | Learned a level 3 spell: Vampiric Draining
  1468 | D:2      | Learned a level 4 spell: Animate Dead
  1632 | D:3      | Reached skill level 5 in Necromancy
  1796 | D:3      | Reached XP level 5. HP: 24/24 MP: 9/11
  2187 | D:3      | Reached XP level 6. HP: 27/28 MP: 2/13
  3076 | D:4      | Identified the +2 leather armour of an ice cave {rN+ Dex+2}
  3267 | D:4      | Reached skill level 5 in Spellcasting
  3267 | D:4      | Reached skill level 6 in Necromancy
  3714 | D:4      | Reached XP level 7. HP: 32/32 MP: 9/16
  3904 | D:5      | Entered Level 5 of the Dungeon
  4262 | D:5      | Found Orphi Karr's Armour Boutique.
  4311 | D:5      | Lost dexterity.
  4618 | D:5      | Bought a +0 pair of gloves for 67 gold pieces
  4632 | D:5      | Identified the +0 ring mail "Kissav" {rN+}
  4742 | D:5      | Found an opulent altar of Gozag.
  4849 | D:5      | Reached skill level 7 in Necromancy
  5066 | D:5      | Slain by a water moccasin

Illustrated notes

Levels and vault maps discovered:
D:1:      lightli_arrival_farm, layout_basic
D:2:      layout_rooms
D:3:      layout_loops_ring, ebering_dispersal_statue_hall,
          chequers_serial_rivers_small_b
D:4:      layout_basic, serial_forest, infiniplex_forest_lined_2,
          infiniplex_forest_clump_medium, infiniplex_forest_zigzag_1,
          infiniplex_forest_lined_3, infiniplex_forest_zigzag_2,
          infiniplex_forest_clump_tiny, infiniplex_forest_clump_diagonal,
          minmay_manual_monstrance
D:5:      layout_basic, mainiacjoe_overflow_alcove_2, serial_demonic,
          serial_demonic_e, serial_demonic_e, serial_demonic_a,
          serial_demonic_e, serial_shops,
          nicolae_shop_temple_entry_statues_fountains,
          hangedman_abyss_or_decor_slice

Skill      XL: |  1  2  3  4  5  6  7 |
---------------+----------------------+-----
Spellcasting   | 3 4 5 6 |  6.2
Necromancy     | 5 6 7 |  7.1
Dodging        | |  1.5
Stealth        | |  2.4

Action                     |  1- 3 |  4- 6 |  7- 9 || total
---------------------------+-------+-------+-------++-------
  Melee: Unarmed           |    13 |    20 |       ||    33
         Bite              |     7 |    11 |    24 ||    42
         Short sword       |       |    32 |   122 ||   154
         Punch             |       |     1 |     1 ||     2
   Cast: Necrotise         |    50 |    93 |    19 ||   162
         Vampiric Draining |       |     4 |     7 ||    11
  Evoke: Wand              |       |       |     5 ||     5
    Use: Scroll            |       |     5 |       ||     5
         Potion            |       |       |     2 ||     2
 Armour: Robe              |    19 |    41 |   329 ||   389
  Dodge: Dodged            |    19 |    47 |   152 ||   218
